[Event "Grandmaster Triathlon - Blitz (GM2)"]
[Site "Biel, Switzerland"]
[Date "2026.07.19"]
[Round "1.1"]
[White "Xiao, Tong(Qd)"]
[Black "Kosteniuk, Alexandra"]
[Result "1-0"]
[TimeControl "3 + 2"]
[WhiteTitle "-"]
[BlackTitle "-"]
[WhiteFideId "8622388"]
[BlackFideId "4128125"]
[WhiteElo "2465"]
[BlackElo "2392"]

1. e4 c6 2. d4 d5 3.
Nc3 dxe4 4. Nxe4 Nf6 5.
Nxf6+ exf6 6. c3 Bd6 7. Bd3 O-O 8. Ne2 Re8 9. Be3 Nd7 10. Qd2 b5 11. O-O Nb6 12. Bf4 Bg4 13. Ng3 Nd5 14. Bxd6 Qxd6 15. Rae1 Qf4 16.
Qxf4 Nxf4 17. Be4 Bd7 18. Bf3 f5 19.
Re3 g6 20. h3 a5 21. b3 Kg7 22. c4 bxc4 23. bxc4 Rab8 24. Rxe8 Bxe8 25. Re1 Kf8 26. Re5 a4 27. Ne2 Nd3 28. Ra5 Rb4 29. d5 cxd5 30.
Bxd5 Rb1+ 31. Kh2 Nxf2 32. Ra8 Ke7 33. c5 g5 34. Kg3 Nd3 35. c6 f4+ 36.
Kg4 Bxc6 37. Bxc6 Ne5+ 38. Kxg5 Nxc6 39. Rxa4 f3 40.
gxf3 Ne5 41. f4 Nf3+ 42. Kg4 Nd2 43. Ra7+ Kf6 44. Ra6+ Ke7 45. Nc3 Rg1+ 46. Kf5 Rg3 47. Nd5+ Kd7 48. Nf6+ Kc7 49. h4 Nf3 50. h5 Nd4+ 51.
Ke5 Nc6+ 52. Kf5 Nd4+ 53. Ke4 Nc6 54. Nxh7 Rh3 55. Nf6 Rh2 56. Ra8 Re2+ 57. Kf5 Ne7+ 58. Kg4 Rg2+ 59. Kf3 Rh2 60. Ra7+ Kd6 61. Ra6+ Kc5 62. h6 Nf5 63. Ng4 Rh3+ 64. Ke4 Nd6+ 65. Ke5 Rh4 66. Rxd6 Rxg4 67. Rf6 Rh4 68. Rxf7 Rxh6 69. Rc7+ Kb6 70. Rc1 Rh2 71. f5 Rxa2 72. f6 Re2+ 73. Kd6 Rd2 74.
Ke7 Re2+ 75. Kf8 1-0

[Event "Grandmaster Triathlon - Blitz (GM2)"]
[Site "Biel, Switzerland"]
[Date "2026.07.19"]
[Round "1.2"]
[White "Vaishali, Rameshbabu"]
[Black "Materia, Marco"]
[Result "0-1"]
[TimeControl "3 + 2"]
[WhiteTitle "-"]
[BlackTitle "-"]
[WhiteFideId "5091756"]
[BlackFideId "45150451"]
[WhiteElo "2364"]
[BlackElo "2509"]

1. e4 d6 2. d4 Nf6 3.
Bd3 e5 4. Nf3 exd4 5. Nxd4 g6 6. O-O Bg7 7. Nc3 O-O 8. Bf4 Re8 9. Qd2 c6 10. Bh6 Qb6 11. Bxg7 Kxg7 12. Nde2 Qxb2 13. a4 Qb4 14. f4 Qc5+ 15.
Kh1 Ng4 16. Ng3 Qe3 17. Rad1 Nd7 18.
Be2 Nf2+ 19. Rxf2 Qxf2 20. Qxd6 Qc5 21. Qd2 Nf6 22. e5 Nd5 23. Nxd5 cxd5 24. Bd3 Bg4 25. Rf1 Qd4 26. c3 Qxa4 27.
f5 Kh8 28. e6 Bxf5 29. Bxf5 gxf5 30. exf7 Re7 31. Rxf5 Rf8 32. Qh6 Rfxf7 33. Rxf7 Rxf7 34. h3 Qa1+ 35. Kh2 Qxc3 36. Qe6 Qf6 37. Qe8+ Rf8 38. Qd7 Qg7 39. Qxd5 Re8 40. Qc5 a6 41. Qb6 Rg8 0-1

[Event "Grandmaster Triathlon - Blitz (GM2)"]
[Site "Biel, Switzerland"]
[Date "2026.07.19"]
[Round "1.3"]
[White "Finek, Vaclav"]
[Black "Yip, Carissa"]
[Result "1-0"]
[TimeControl "3 + 2"]
[WhiteTitle "-"]
[BlackTitle "-"]
[WhiteFideId "23718293"]
[BlackFideId "2090732"]
[WhiteElo "2504"]
[BlackElo "2369"]

1. d4 Nf6 2. c4 e6 3. Nf3 b6 4. g3 Bb7 5. Bg2 Be7 6. O-O O-O 7. Re1 h6 8. h4 d5 9. cxd5 exd5 10. Nc3 Nbd7 11. Bf4 Ne4 12. Rc1 Bd6 13.
Bxd6 Nxd6 14. Ne5 Nf6 15. Qb3 Nde4 16. Nxe4 Nxe4 17. Nd3 Re8 18. e3 a6 19. Rc2 Rc8 20. Rec1 Qd6 21. Qb4 Qd7 22. Ne5 Qf5 23. Bxe4 Qxe4 24. Rxc7 Rxc7 25. Rxc7 Rxe5 26. Rxb7 Qb1+ 27. Kg2 Rf5 28. Qd2 b5 29. a3 Qe4+ 30.
Kh2 g5 31. f4 gxh4 32. gxh4 Kh7 33. Qf2 Rf6 34. Rc7 Qf5 35. Qc2 Kg6 36. Kg3 Qxc2 37. Rxc2 Kf5 38. Kf3 Kg6 39. Rc5 Rd6 40. e4 dxe4+ 41. Kxe4 Re6+ 42. Kf3 Rd6 43. Ke4 Re6+ 44. Re5 Rd6 45. d5 Kf6 46. Kd4 Rd8 47.
b3 Rc8 48. d6 Rd8 49. Kd5 a5 50. Kc6 b4 51. axb4 axb4 52. d7 1-0

[Event "Grandmaster Triathlon - Blitz (GM2)"]
[Site "Biel, Switzerland"]
[Date "2026.07.19"]
[Round "2.1"]
[White "Finek, Vaclav"]
[Black "Xiao, Tong(Qd)"]
[Result "1/2-1/2"]
[TimeControl "3 + 2"]
[WhiteTitle "-"]
[BlackTitle "-"]
[WhiteFideId "23718293"]
[BlackFideId "8622388"]
[WhiteElo "2504"]
[BlackElo "2465"]

1. d4 Nc6 2. Nf3 d6 3. g3 g6 4.
Bg2 Bg7 5. O-O e5 6. dxe5 dxe5 7.
Nc3 Bd7 8. Nd5 h6 9. c4 Nge7 10. Ne1 Be6 11. Be3 Qd7 12. Nd3 Rd8 13. Nc5 Qc8 14. Qb3 b6 15. Nxe7 Nxe7 16. Bb7 Qb8 17. Nxe6 fxe6 18. Be4 Kf7 19.
f4 Rhf8 20. Rad1 Kg8 21. c5 Qc8 22. fxe5 Rxd1 23. Rxd1 Nf5 24. c6 Qe8 25. Rd7 Bxe5 26. Bxf5 gxf5 27. Bxh6 Rf7 28. Qd3 Bd6 29. Rxf7 Kxf7 30. Qc3 Qg8 31. Qf3 Qg6 32. Bf4 e5 33. Qd5+ Kf6 34. Be3 f4 35. Bf2 Qb1+ 36. Kg2 Qxb2 37. Qe4 Qxa2 38. gxf4 Qg8+ 39. Kf1 exf4 40. Bd4+ Kf7 41. Qf5+ Ke8 42. Qd7+ Kf8 43. Qc8+ Kf7 44. Qf5+ Ke8 45. Bf6 Qc4 46. Qd7+ Kf8 47. Qg7+ Ke8 48. Qd7+ Kf8 49. Qg7+ Ke8 50. Qd7+ 1/2-1/2

[Event "Grandmaster Triathlon - Blitz (GM2)"]
[Site "Biel, Switzerland"]
[Date "2026.07.19"]
[Round "2.2"]
[White "Yip, Carissa"]
[Black "Vaishali, Rameshbabu"]
[Result "0-1"]
[TimeControl "3 + 2"]
[WhiteTitle "-"]
[BlackTitle "-"]
[WhiteFideId "2090732"]
[BlackFideId "5091756"]
[WhiteElo "2369"]
[BlackElo "2364"]

1. e4 d5 2. exd5 Qxd5 3. Nc3 Qa5 4.
d4 Bf5 5. Nf3 e6 6. g3 Nc6 7. Bd2 Bb4 8. Bg2 Nf6 9. a3 Bxc3 10. Bxc3 Qa6 11. a4 Ne7 12. Bf1 Qd6 13. Bd2 Be4 14.
Be2 O-O 15. c3 a5 16. O-O Ng6 17. Bg5 b6 18. Nd2 Bb7 19. Bf3 Bxf3 20. Qxf3 Qd5 21. h4 Qxf3 22. Nxf3 Ne4 23. Be3 Ne7 24. Ne5 Rfd8 25. Rfe1 Nd6 26. Bf4 f6 27. Nd3 Kf7 28. Re2 Nd5 29.
Rae1 Re8 30. Bc1 Rad8 31. Kf1 h5 32. Rc2 Nf5 33. b3 Nde7 34. Nf4 Nd5 35. Nxh5 g6 36. Nf4 e5 37. Nxd5 Rxd5 38. Rce2 c5 39. dxe5 fxe5 40. Bf4 c4 41. bxc4 Rc5 42.
Rxe5 Rexe5 43. Rxe5 Rxc4 44. h5 Rxa4 45.
hxg6+ Kxg6 46. Re6+ Kh5 47. Rxb6 Kg4 48. Kg2 Nh4+ 49. gxh4 Rxf4 50. Rb5 Kxh4 51. Rxa5 Rc4 52. Ra3 Kg4 53. Rb3 0-1

[Event "Grandmaster Triathlon - Blitz (GM2)"]
[Site "Biel, Switzerland"]
[Date "2026.07.19"]
[Round "2.3"]
[White "Materia, Marco"]
[Black "Kosteniuk, Alexandra"]
[Result "1/2-1/2"]
[TimeControl "3 + 2"]
[WhiteTitle "-"]
[BlackTitle "-"]
[WhiteFideId "45150451"]
[BlackFideId "4128125"]
[WhiteElo "2509"]
[BlackElo "2392"]

1. Nf3 Nf6 2. c4 e6 3. b3 d5 4. Bb2 c5 5. e3 Nc6 6.
cxd5 exd5 7. d4 cxd4 8.
Nxd4 Bb4+ 9. Bc3 Qa5 10. Qd2 Bxc3 11. Nxc3 O-O 12. Nxc6 bxc6 13. Bd3 Qb4 14. Na4 Qh4 15.
Rc1 Bd7 16. h3 Rac8 17. Nc5 Be6 18. O-O Rfe8 19. Nxe6 fxe6 20. Rc5 Nd7 21. Ra5 Rc7 22. Rc1 Rf8 23. Ra4 Qe7 24. Qa5 Ne5 25. Be2 c5 26. Qc3 Ng6 27. Ra5 Qh4 28.
Qe1 c4 29. bxc4 dxc4 30. f4 Qxe1+ 31. Rxe1 c3 32. Rc1 Rd8 33. Ra4 Ne7 34. Rc4 Rxc4 35.
Bxc4 Nd5 36. Bxd5 Rxd5 37. Rxc3 Ra5 38. a3 Kf7 39. Kf2 Ra4 40. Kf3 Kf6 41. g4 h6 42. h4 g6 43. g5+ hxg5 44. hxg5+ Kf7 45. e4 Ke7 46. Ke3 Kd6 47. Rd3+ Ke7 48. Rb3 Kd6 49. e5+ Ke7 50. Rc3 Kf7 51. Kf3 Ke7 52. Kg4 Kf7 53. Rb3 Ra5 54. Kg3 Ra4 55. Rf3 Ke7 56.
Kf2 Kf7 57. Ke2 Ke7 58. Kd2 Kf7 59. Kc2 a5 60. Kb3 Re4 61. a4 Rb4+ 62. Ka3 Re4 63.
Rb3 Rxf4 64. Rb7+ Kf8 65. Rb5 Rf3+ 66. Kb2 Rf5 67. Rxa5 Rxg5 68. Rc5 Rg2+ 69. Kb3 Rg1 70. a5 Rb1+ 71. Ka4 Ra1+ 72. Kb5 Kg7 73. a6 g5 74. Rc4 Rb1+ 75. Rb4 Rd1 76. a7 Rd8 77. Kc6 Ra8 78. Rb7+ Kg6 79. Kb6 Kf5 80. Rb8 Rxa7 81. Kxa7 Kxe5 82. Kb6 g4 83. Kc5 g3 84. Rg8 Kf4 85. Kd4 Kf3 86. Kd3 Kf2 87. Rf8+ Ke1 88. Rg8 Kf2 89. Rf8+ Ke1 90. Ke4 g2 91. Rg8 Kf2 92.
Rxg2+ Kxg2 1/2-1/2

[Event "Grandmaster Triathlon - Blitz (GM2)"]
[Site "Biel, Switzerland"]
[Date "2026.07.19"]
[Round "3.1"]
[White "Xiao, Tong(Qd)"]
[Black "Materia, Marco"]
[Result "1/2-1/2"]
[TimeControl "3 + 2"]
[WhiteTitle "-"]
[BlackTitle "-"]
[WhiteFideId "8622388"]
[BlackFideId "45150451"]
[WhiteElo "2465"]
[BlackElo "2509"]

1. e4 d6 2. d4 Nf6 3. Nc3 g6 4. Be3 Bg7 5. Qd2 c6 6. a4 O-O 7. f3 Nbd7 8. Bd3 e5 9. Nge2 d5 10. exd5 Nxd5 11. Nxd5 cxd5 12.
O-O Re8 13. dxe5 Nxe5 14. Bf2 Nxd3 15. cxd3 d4 16. Rfe1 Qd6 17. Ng3 Rxe1+ 18. Rxe1 f5 19. Re8+ Kf7 20. Qe1 Qd7 21. Re2 b6 22. Nf1 Ba6 23. Qd1 Qd5 24. Bh4 Re8 25. Rc2 Be5 26. b4 Bc8 27. Nd2 Bd7 28. b5 Bf4 29. Nc4 g5 30. Be1 Kg6 31. Re2 Be3+ 32. Kh1 f4 33. Rc2 Bf5 34.
Bb4 Rc8 35. Nd6 Rxc2 36. Qxc2 Be6 37. Nc4 g4 38. fxg4 f3 39. h3 h5 40. gxh5+ Qxh5 41. Nxe3 dxe3 42. Qc6 fxg2+ 43. Qxg2+ Kh7 44. Qe4+ Bf5 45. Qxe3 Bxh3 46. Qe7+ Kg8 47. Qf8+ Kh7 48. Qe7+ Kg8 49. Qd8+ Kf7 50. Qe7+ Kg8 51. Qf8+ Kh7 52. Kg1 Qd1+ 53. Kf2 Qxd3 54. Qf7+ Kh6 55. Bf8+ Kg5 56. Be7+ Kg4 57. Qe6+ Qf5+ 58. Qxf5+ Kxf5 59. Bd6 Bg4 1/2-1/2

[Event "Grandmaster Triathlon - Blitz (GM2)"]
[Site "Biel, Switzerland"]
[Date "2026.07.19"]
[Round "3.2"]
[White "Kosteniuk, Alexandra"]
[Black "Yip, Carissa"]
[Result "1-0"]
[TimeControl "3 + 2"]
[WhiteTitle "-"]
[BlackTitle "-"]
[WhiteFideId "4128125"]
[BlackFideId "2090732"]
[WhiteElo "2392"]
[BlackElo "2369"]

1. e4 g6 2. d4 Bg7 3. Nc3 d6 4. Be3 a6 5. a4 Nd7 6. Nf3 b6 7. h4 h6 8.
Bc4 e6 9. Qe2 Bb7 10. d5 e5 11. Nd2 Ne7 12. h5 g5 13. Nf1 f5 14. exf5 Nxf5 15. g4 Ne7 16. f3 Nf6 17. Qd3 Qd7 18.
Ng3 e4 19. Ngxe4 Nxe4 20. Qxe4 O-O-O 21. Qd3 Kb8 22. O-O Rhf8 23. a5 Bxc3 24. bxc3 b5 25. Bb3 c5 26. c4 Rc8 27. c3 Bxd5 28. cxd5 c4 29. Qd4 cxb3 30.
Qb6+ Qb7 31. Qxd6+ Ka8 32. Qxh6 Nxd5 33.
Bd4 Nxc3 34. Bxc3 Rfd8 35. Be5 Rd5 36. Bg3 Rd2 37. Qxg5 Rcc2 38. Bf2 b2 39. Rab1 Qxf3 40. Qg8+ Kb7 41. Qg7+ Kc8 42. Qg8+ Kb7 43. Qg7+ Kc8 44. Qg8+ Kb7 45. Qh7+ Kc8 46. Qf5+ Qxf5 47. gxf5 Rc4 48. Kg2 Rf4 49. Kg3 Rxf5 50. h6 Rd3+ 51. Kg4 Rf7 52. Rxb2 Rdf3 53. h7 R3f4+ 54. Kg3 Rf3+ 55. Kg2 1-0

[Event "Grandmaster Triathlon - Blitz (GM2)"]
[Site "Biel, Switzerland"]
[Date "2026.07.19"]
[Round "3.3"]
[White "Vaishali, Rameshbabu"]
[Black "Finek, Vaclav"]
[Result "0-1"]
[TimeControl "3 + 2"]
[WhiteTitle "-"]
[BlackTitle "-"]
[WhiteFideId "5091756"]
[BlackFideId "23718293"]
[WhiteElo "2364"]
[BlackElo "2504"]

1. d4 Nf6 2. Nf3 e6 3. Bg5 h6 4. Bh4 b6 5. Nbd2 Bb7 6. e3 Be7 7. Bd3 O-O 8. Rg1 Nd5 9. Bxe7 Qxe7 10.
g4 Nb4 11. Qe2 g6 12. h4 c5 13. a3 Nxd3+ 14. Qxd3 d5 15.
h5 Ba6 16. Qb3 g5 17. c3 Nd7 18. O-O-O Bd3 19. Ne5 Nxe5 20. dxe5 c4 21. Qb4 Qxb4 22. cxb4 f6 23. f4 fxe5 24.
fxe5 Rf2 25. Rge1 Rc8 26. b5 c3 27. bxc3 Rxc3+ 28. Kb2 Rc2+ 29. Kb3 Rcxd2 30. Rxd2 Rxd2 31. Kc3 Re2 0-1

[Event "Grandmaster Triathlon - Blitz (GM2)"]
[Site "Biel, Switzerland"]
[Date "2026.07.19"]
[Round "4.1"]
[White "Xiao, Tong(Qd)"]
[Black "Yip, Carissa"]
[Result "1-0"]
[TimeControl "3 + 2"]
[WhiteTitle "-"]
[BlackTitle "-"]
[WhiteFideId "8622388"]
[BlackFideId "2090732"]
[WhiteElo "2465"]
[BlackElo "2369"]

1. b3 Nf6 2. Bb2 e6 3. e3 b6 4.
Nf3 Bb7 5. d4 Be7 6. Nbd2 O-O 7. Bd3 d5 8. Qe2 c5 9. O-O Nc6 10. a3 Qc7 11. Rac1 Rad8 12. Rfd1 h6 13. h3 Qb8 14. dxc5 bxc5 15. e4 dxe4 16. Nxe4 Nd4 17. Nxd4 cxd4 18.
b4 Qf4 19. Re1 Rd7 20. Rcd1 Rc8 21. Bc1 Qc7 22. Nxf6+ Bxf6 23. f4 Bd5 24. Qg4 Bc4 25. f5 Bxd3 26. fxe6 Re7 27. exf7+ Rxf7 28.
cxd3 Kh8 29. Bf4 Qb7 30. Be5 Bxe5 31.
Rxe5 Rc2 32. Qg6 Rf8 33. Rf1 Rxf1+ 34. Kxf1 Rc1+ 35. Ke2 Rc2+ 36. Kd1 Rc8 37. Re8+ Rxe8 38. Qxe8+
Kh7 39. Qe4+ 1-0

[Event "Grandmaster Triathlon - Blitz (GM2)"]
[Site "Biel, Switzerland"]
[Date "2026.07.19"]
[Round "4.2"]
[White "Materia, Marco"]
[Black "Finek, Vaclav"]
[Result "1/2-1/2"]
[TimeControl "3 + 2"]
[WhiteTitle "-"]
[BlackTitle "-"]
[WhiteFideId "45150451"]
[BlackFideId "23718293"]
[WhiteElo "2509"]
[BlackElo "2504"]

1. d4 Nf6 2. Nf3 e6 3. Bf4 h6 4. h3 d5 5. e3 c5 6. Nbd2 Qb6 7. Rb1 Bd6 8. Bxd6 Qxd6 9.
dxc5 Qxc5 10. b4 Qe7 11. c4 O-O 12. Be2 dxc4 13. Nxc4 Rd8 14. Qb3 b6 15. O-O Bb7 16. Nfe5 Nbd7 17. Bf3 Nxe5 18.
Nxe5 Bxf3 19. Nxf3 Rac8 20. Rbc1 Qb7 21. Qb2 Rxc1 22. Rxc1 Rc8 23. Nd4 a6 24. Rxc8+ Qxc8 25. b5 axb5 26. Qxb5 Qc1+ 27. Kh2 Qc7+ 28. g3 g6 29. Kg2 Qb7+ 30. Qc6 Qxc6+ 31. Nxc6 Ne4 32. Kf3 Ng5+ 33. Kg2 Ne4 34. Kf3 Ng5+ 35. Kg2 Ne4 1/2-1/2

[Event "Grandmaster Triathlon - Blitz (GM2)"]
[Site "Biel, Switzerland"]
[Date "2026.07.19"]
[Round "4.3"]
[White "Kosteniuk, Alexandra"]
[Black "Vaishali, Rameshbabu"]
[Result "1-0"]
[TimeControl "3 + 2"]
[WhiteTitle "-"]
[BlackTitle "-"]
[WhiteFideId "4128125"]
[BlackFideId "5091756"]
[WhiteElo "2392"]
[BlackElo "2364"]

1. e4 d5 2. exd5 Qxd5 3. Nc3 Qa5 4. d4 Bf5 5. Nf3 e6 6. Ne5 Nc6 7. Bb5 Bb4 8. Bd2 Nge7 9. Nc4 O-O 10. Nxa5 Bxa5 11. Ne2 Bb6 12. c3 a6 13.
Ba4 Rad8 14. O-O h6 15. h3 Bh7 16. Bc2 Bxc2 17. Qxc2 Ng6 18. Rad1 Nce7 19. Ng3 Rd5 20. Qe4 Rfd8 21. Rde1 c6 22. Bc1 Bc7 23.
f4 Nh4 24. Ne2 Nhf5 25. g4 Nd6 26.
Qg2 c5 27. f5 exf5 28. Nf4 1-0

[Event "Grandmaster Triathlon - Blitz (GM2)"]
[Site "Biel, Switzerland"]
[Date "2026.07.19"]
[Round "5.1"]
[White "Vaishali, Rameshbabu"]
[Black "Xiao, Tong(Qd)"]
[Result "0-1"]
[TimeControl "3 + 2"]
[WhiteTitle "-"]
[BlackTitle "-"]
[WhiteFideId "5091756"]
[BlackFideId "8622388"]
[WhiteElo "2364"]
[BlackElo "2465"]

1. e4 c6 2. Nc3 d5 3. Nf3 Bg4 4.
h3 Bxf3 5. Qxf3 e6 6. Be2 Bc5 7. d3 Ne7 8.
Qg3 Bd4 9. Bd1 O-O 10. Ne2 Bb6 11. c3 Nd7 12. Bc2 Bc7 13. Qh4 f5 14. exf5 Nxf5 15. Qxd8 Raxd8 16. d4 e5 17. dxe5 Nxe5 18.
O-O Rde8 19. Nf4 Nh4 20. Nd3 Bb6 21. Nxe5 Rxe5 22. Be3 Bxe3 23. fxe3 Rxf1+ 24. Rxf1 Rxe3 25. Bd1 g6 26. Kh2 Nf5 27. Bg4 Nd6 28. Rf6 Ne8 29. Rf2 Kg7 30. a4 a5 31. Bd7 Nd6 32. Bg4 h5 33. Bf3 Nc4 34. Rc2 Ne5 35. Be2 Nd7 36. b4 Nb6 37. bxa5 Nxa4 38. c4 d4 39. Rd2 Nc5 40. Bf3 Nb3 41.
Ra2 d3 42. Kg1 d2 43. Kf2 Rxf3+ 0-1

[Event "Grandmaster Triathlon - Blitz (GM2)"]
[Site "Biel, Switzerland"]
[Date "2026.07.19"]
[Round "5.2"]
[White "Finek, Vaclav"]
[Black "Kosteniuk, Alexandra"]
[Result "1-0"]
[TimeControl "3 + 2"]
[WhiteTitle "-"]
[BlackTitle "-"]
[WhiteFideId "23718293"]
[BlackFideId "4128125"]
[WhiteElo "2504"]
[BlackElo "2392"]

1. d4 f5 2. g3 Nf6 3. Bg2 g6 4. Nf3 Bg7 5. O-O O-O 6. c4 d6 7. Nc3 a5 8. Re1 a4 9. Nxa4 e5 10.
dxe5 dxe5 11. Nc3 e4 12.
Nd4 Ng4 13. Nb3 Ne5 14. Qd5+ Qxd5 15.
cxd5 Nc4 16. Nd2 Nb6 17. Nf1 Na6 18. Bf4 Bxc3 19. bxc3 Nxd5 20. Bh6 Re8 21. c4 Ndb4 22. Ne3 Be6 23. a3 Nc6 24. Nd5 Bxd5 25. cxd5 Ne7 26. Rab1 Nxd5 27. Rxb7 Reb8 28. Reb1 Rxb7 29. Rxb7 Kf7 30. f3 Nc3 31. fxe4 Nxe4 32. Bf4 Ke6 33. Rb5 Nac5 34. Rxc5 1-0

[Event "Grandmaster Triathlon - Blitz (GM2)"]
[Site "Biel, Switzerland"]
[Date "2026.07.19"]
[Round "5.3"]
[White "Yip, Carissa"]
[Black "Materia, Marco"]
[Result "0-1"]
[TimeControl "3 + 2"]
[WhiteTitle "-"]
[BlackTitle "-"]
[WhiteFideId "2090732"]
[BlackFideId "45150451"]
[WhiteElo "2369"]
[BlackElo "2509"]

1. e4 c5 2. Nf3 e6 3. d3 Nc6 4.
g3 d5 5. Nbd2 Nf6 6. Bg2 Be7 7.
O-O h6 8. Re1 O-O 9. h4 b5 10. e5 Nh7 11. Nf1 a5 12. h5 a4 13. Bf4 a3 14. b3 Bb7 15. Ne3 d4 16. Ng4 Nb4 17.
Qc1 Kh8 18. Nd2 Bxg2 19. Kxg2 Rc8 20. Kg1 Bg5 21. Ne4 Bxf4 22. Qxf4 Nxc2 23. Nd6 Rc7 24. Nxb5 Rd7 25. Rac1 Nxe1 26. Rxe1 Ng5 27. Kh2 Qa8 28. Rc1 Qd5 29. Nd6 f5 30.
Nc4 Nf3+ 0-1

[Event "Grandmaster Triathlon - Blitz (GM2)"]
[Site "Biel, Switzerland"]
[Date "2026.07.19"]
[Round "6.1"]
[White "Kosteniuk, Alexandra"]
[Black "Xiao, Tong(Qd)"]
[Result "1/2-1/2"]
[TimeControl "3 + 2"]
[WhiteTitle "-"]
[BlackTitle "-"]
[WhiteFideId "4128125"]
[BlackFideId "8622388"]
[WhiteElo "2392"]
[BlackElo "2465"]

1. e4 c5 2. Nf3 e6 3. c3 d5 4. exd5 Qxd5 5. d4 Nf6 6. Be2 a6 7. O-O Nbd7 8. c4 Qc6 9. Nc3 cxd4 10. Nxd4 Qc7 11. b3 Bd6 12. Kh1 Be7 13. Bb2 O-O 14.
f4 b6 15. Bf3 Bb7 16. Qe2 Rac8 17. Rad1 Nc5 18. Bxb7 Nxb7 19. Rd3 Rfd8 20. f5 Nc5 21. Rdd1 e5 22. Nc2 e4 23. Nb4 Rxd1 24.
Rxd1 Bf8 25. Ncd5 Nxd5 26. Nxd5 Qc6 27. Bd4 Re8 28. Qg4 Kh8 29. Qh4 Nd3 30. h3 Bc5 31. Nf6 h6 32. Nxe8 Bxd4 33.
Rxd3 exd3 34. Qxd4 Qxe8 35. Qxd3 Qe1+ 36. Kh2 Qe5+ 37. Kh1 Qe1+ 38. Kh2 Qe5+ 39. Qg3 Qd4 40.
Qc7 f6 41. a4 a5 42. Qg3 Qc5 43. Qf4 Qb4 44.
Qe3 Qd6+ 45. Qg3 Qd4 46. Qf3 Qd6+ 47. Qg3 Qd4 48. Qf3 Qd6+ 1/2-1/2

[Event "Grandmaster Triathlon - Blitz (GM2)"]
[Site "Biel, Switzerland"]
[Date "2026.07.19"]
[Round "6.2"]
[White "Materia, Marco"]
[Black "Vaishali, Rameshbabu"]
[Result "1-0"]
[TimeControl "3 + 2"]
[WhiteTitle "-"]
[BlackTitle "-"]
[WhiteFideId "45150451"]
[BlackFideId "5091756"]
[WhiteElo "2509"]
[BlackElo "2364"]

1. Nf3 d5 2. b3 Nf6 3.
Bb2 e6 4. g3 Bd6 5. Bg2 O-O 6.
O-O Nc6 7. d4 a5 8. c4 Ne4 9. Nc3 f5 10. cxd5 Nxc3 11. Bxc3 exd5 12. Ne5 Ne7 13. Qd2 c6 14. b4 a4 15. b5 f4 16.
bxc6 bxc6 17. Nxc6 Nxc6 18. Bxd5+ Kh8 19. Bxc6 Ra7 20. Bb4 Ba6 21. Bxd6 Qxd6 22. Bf3 Re7 23. Rac1 Qd7 24. d5 fxg3 25. hxg3 Qh3 26. Qb4 Ref7 27. Bg2 Qh5 28. Bf3 Qh3 29. Qg4 Qh6 30. Rc6 Rf6 31. Rxf6 gxf6 32.
Qxa4 Bc8 33. Qf4 Qh3 34. Rc1 1-0

[Event "Grandmaster Triathlon - Blitz (GM2)"]
[Site "Biel, Switzerland"]
[Date "2026.07.19"]
[Round "6.3"]
[White "Yip, Carissa"]
[Black "Finek, Vaclav"]
[Result "0-1"]
[TimeControl "3 + 2"]
[WhiteTitle "-"]
[BlackTitle "-"]
[WhiteFideId "2090732"]
[BlackFideId "23718293"]
[WhiteElo "2369"]
[BlackElo "2504"]

1. e4 c5 2. Nf3 g6 3.
c3 d5 4.
exd5 Qxd5 5. d4 Bg7 6. Nbd2 Nf6 7. Bc4 Qd6 8.
O-O O-O 9. Nb3 cxd4 10. Nbxd4 a6 11. Qe2 b5 12. Bb3 Bb7 13. Rd1 Qc7 14. a4 bxa4 15. Bxa4 Ne4 16. Bc2 Nd6 17. Bf4 Nc6 18. Nxc6 Bxc6 19.
Nd4 Bb7 20. Be5 Bxe5 21. Qxe5 Rfc8 22. Bd3 Ne8 23. Qxc7 Nxc7 24.
Ra5 Rab8 25. h3 Ba8 26. Rd2 Rb6 27. Re2 Kf8 28. Rae5 Nd5 29. g3 Rd8 30. Be4 e6 31. Bg2 a5 32.
Rd2 Rc8 33. Kh2 a4 34. h4 Nf6 35. Kh3 Bxg2+ 36. Kxg2 Rcb8 37. Ree2 Rc8 38. Nf3 a3 39. bxa3 Rxc3 40. Ra2 Ra6 41. a4 Rc4 42. a5 Rc5 43. Rec2 Rxc2 44. Rxc2 Rxa5 45. Kf1 h6 46. Ke2 Nd5 47. Rd2 Kg7 48. Nd4 Nc3+ 49. Kf3 Rd5 50. Ke3 Re5+ 51. Kf3 Ra5 52. Kg2 Ne4 53. Re2 Nf6 54. Nf3 g5 55. hxg5 hxg5 56. Re5 Rxe5 57. Nxe5 Nd5 58. f3 Kf6 59. Ng4+ Ke7 60. Kf2 f5 61. Ne5 f4 62. gxf4 gxf4 63. Ke2 Kd6 64. Nf7+ Ke7 65. Ne5 Kf6 66. Nd7+ Kf5 67. Kf2 e5 68. Nc5 Ne7 69. Nd3 Ke6 70. Nc5+ Kd5 71. Ne4 Nf5 72. Ng5 Kd4 73. Nf7 Ne7 74. Ng5 Nc6 75. Ne4 Nb4 76. Ng5 Kd3 77. Nf7 Nc6 78. Nd6 Kc3 79. Nf7 Kd2 80. Nd6 Nb4 81. Nc4+ Kc3 82. Nd6 Kd4 83. Ke2 Kd5 84. Ne4 Nc2 85. Nf6+ Kc4 86. Ne4 Nd4+ 87. Kf2 Ne6 88. Nf6 Nc5 89. Ng4 Kd4 90. Ke2 Nd7 91. Kf2 Kd3 92. Nh6 Nf6 93. Nf7 Kd4 94. Ng5 Nd5 95. Ne6+ Kc4 96.
Ng5 Nc3 97. Ne6 Kd3 98. Nc5+ Kd4 99. Ne6+ Kc4 100. Ng5 Kd3 101. Ne6 Kd2 102. Nc5 Nd1 103. Kf1 Nb2 104. Nd7 Nd3 105. Nf6 Ke3 106. Kg2 Ne1+ 107. Kh3 Kxf3 0-1

[Event "Grandmaster Triathlon - Blitz (GM2)"]
[Site "Biel, Switzerland"]
[Date "2026.07.19"]
[Round "7.1"]
[White "Xiao, Tong(Qd)"]
[Black "Finek, Vaclav"]
[Result "1/2-1/2"]
[TimeControl "3 + 2"]
[WhiteTitle "-"]
[BlackTitle "-"]
[WhiteFideId "8622388"]
[BlackFideId "23718293"]
[WhiteElo "2465"]
[BlackElo "2504"]

1. e4 c5 2. Nf3 g6 3. d4 cxd4 4. Nxd4 Bg7 5. c4 Nc6 6. Be3 Qa5+ 7. Nc3 d6 8. Qd2 Nxd4 9. Bxd4 Bxd4 10. Qxd4 Nf6 11. Be2 O-O 12. O-O Be6 13. b3 Rfc8 14.
Rac1 Qc5 15. Qd3 Nd7 16. Rfe1 Ne5 17. Qd2 a6 18. Bf1 Nd7 19. Nd5 Re8 20. h4 Bxd5 21. exd5 Nf6 22. Re3 e5 23. dxe6 Rxe6 24. Rxe6 fxe6 25. Re1 Re8 26. g3 d5 27. Qg5 Kf7 28. Bg2 Qd4 29. Bf3 Re7 30. cxd5 exd5 31. Rd1 Qe5 32. Bxd5+ Nxd5 33. Rxd5 Qxg5 34. hxg5 Ke6 35. Rc5 Kd6 36. Rc2 Kd5 37. Kg2 Kd4 38. Rc4+ Kd5 39. a4 b5 40. axb5 axb5 41. Rc8 Re5 42. b4 Kd6 43. Rh8 Rxg5 44. Rxh7 Ke6 45. Rb7 Rd5 46. f4 Kf5 47. Kh3 g5 48.
fxg5 Kxg5 49. Rc7 Kf5 50. Rb7 Kg5 51.
Rb6 Kf5 52. Rc6 Re5 53. Rc3 Rd5 54.
Rc8 Kg6 55. Rc6+ Kf5 56. Rc1 Kg6 57. Rc6+ Kf5 58. Rb6 Kg5 59. Rb8 Kf5 60. Rf8+ Kg5 61. Rf4 Rd3 62. Rg4+ Kf5 63. Kh4 Kf6 64. Kh5 Rb3 65. Rf4+ Ke5 66. Kg4 Rc3 67. Kh4 Rb3 68. Rg4 Kf6 69. Re4 Kf5 70. Rf4+ Ke5 71. Kg4 Ke6 72. Re4+ Kd5 73. Rf4 Ke6 74. Kh4 Ke5 75. Rg4 Kf6 76. Kh5 Rb1 77. Rd4 Ke5 78. Rf4 Rb3 79. Rg4 Kf6 80. Kh6 Rb1 81. Rf4+ Ke5 82. Kg5 Ke6 83. g4 Rb2 84. Kg6 Kd5 85. g5 Rc2 86. Kh6 Ke5 87. Rh4 Rc4 88. Rxc4 bxc4 89. g6 c3 90. g7 c2 91. g8=Q c1=Q+ 92. Qg5+ Qxg5+ 93. Kxg5 Kd5 94. b5 Kc5 95. b6 Kxb6 1/2-1/2

[Event "Grandmaster Triathlon - Blitz (GM2)"]
[Site "Biel, Switzerland"]
[Date "2026.07.19"]
[Round "7.2"]
[White "Vaishali, Rameshbabu"]
[Black "Yip, Carissa"]
[Result "1-0"]
[TimeControl "3 + 2"]
[WhiteTitle "-"]
[BlackTitle "-"]
[WhiteFideId "5091756"]
[BlackFideId "2090732"]
[WhiteElo "2364"]
[BlackElo "2369"]

1. Nc3 g6 2. e4 Bg7 3. d4 d6 4. Be3 a6 5.
Nf3 b5 6. Bd3 Bb7 7. h4 h6 8. e5 e6 9. Ne4 Ne7 10. h5 g5 11. Nfxg5 hxg5 12. Bxg5 Bxe4 13. Bxe4 d5 14. Bd3 Nd7 15. h6 c5 16. Rh3 Bf8 17.
Qh5 cxd4 18. f4 Qa5+ 19. Kf1 Qc7 20. Kg1 Nc5 21. Bf6 Rxh6 22. Qg4 Rxh3 23. Qxh3 Nxd3 24. cxd3 Qc2 25. Rf1 Qxb2 26. f5 Qd2 27. Qh5 Qe3+ 28.
Rf2 Nxf5 29. Bg5 Rc8 30. Bxe3 dxe3 31. Rf1 Ng3 32. Qxf7+ Kd8 33.
Qxf8+ Kc7 34. Rf7+ 1-0